 Dungeon Crawl Stone Soup version 0.31-a0-188-g5e087ee2ca (webtiles) character file.

Game seed: 6388438790291773901

268 qw the Skirmisher (level 6, -6/35 HPs)
             Began as a Deep Elf Hunter on June 23, 2023.
             Mangled by an ogre
             ... wielding a +0 giant club
              (24 damage)
             ... on level 4 of the Dungeon.
             The game lasted 00:01:21 (2587 turns).

qw the Skirmisher (Deep Elf Hunter)                 Turns: 2587, Time: 00:01:22

Health: -6/35      AC:  6    Str: 10    XL:     6   Next: 0%
Magic:  8/8        EV: 11    Int: 14    God:
Gold:   219        SH:  0    Dex: 18    Spells: 5/5 levels left

rFire   . . .        Y - +0 shortbow (freeze)
rCold   . . .        (shield currently unavailable)
rNeg    . . .        h - +0 ring mail
rPois   .            (no helmet)
rElec   .            (no cloak)
rCorr   .            d - +0 pair of gloves
SInv    .            (no boots)
Will    .....        (no amulet)
Stlth   +            (no ring)
HPRegen 0.25/turn    (no ring)
MPRegen 0.11/turn

%: no passive effects
@: no status effects
A: no striking features
a: no special abilities


You were on level 4 of the Dungeon.
You visited 1 branch of the dungeon, and saw 4 of its levels.

You collected 219 gold pieces.


   Skills:
 - Level 2.2 Fighting
 + Level 9.2 Ranged Weapons
 - Level 2.4 Dodging
 - Level 1.2 Stealth


You had 5 spell levels left.
You didn't know any spells.
Your spell library was empty.

Inventory:

Hand Weapons
 Y - a +0 shortbow of freezing (weapon)
Armour
 d - a +0 pair of gloves (worn)
 h - a +0 ring mail (worn)
Scrolls
 f - a scroll of teleportation
 i - a scroll of identify
Potions
 a - a potion of resistance
 b - a potion of mutation {unknown}
 e - a potion of curing
 g - a potion of cancellation {unknown}
 j - a potion of might {unknown}
 k - a potion of lignification {unknown}

Dungeon Overview and Level Annotations

Branches:
Dungeon (4/15)
 Temple: D:4-7

Altars:
Ru

Annotations:
D:4 1 runed translucent door


Message History

You kill the bat!
The bat hits you but does no damage.
You shoot an arrow. The arrow hits the bat.
The arrow freezes the bat.
The bat is severely wounded.
The bat barely misses you.
You shoot an arrow. The arrow closely misses the bat.
The bat barely misses you.
You shoot an arrow. The arrow barely misses the bat.
The bat hits you but does no damage.
You shoot an arrow.
The arrow hits the bat but does no damage.
The bat is severely wounded.
The bat closely misses you. x2
You shoot an arrow. The arrow hits the bat!
The arrow freezes the bat.
You kill the bat!
You see here a bat corpse.
You see here a bat corpse.
You see here 3 stones.
An ogre comes into view. It is wielding a +0 giant club.
Enter note:
Enter note:
Enter note:
Enter note:
Enter note:
Enter note: You shoot an arrow.
The arrow barely misses the ogre.
You shoot an arrow. The arrow hits the ogre.
The arrow freezes the ogre.
The ogre is moderately wounded.
You shoot an arrow. The arrow hits the ogre.
The arrow freezes the ogre.
The ogre is moderately wounded.
You shoot an arrow. The arrow hits the ogre.
The arrow freezes the ogre.
The ogre is heavily wounded.
You shoot an arrow.
The arrow hits the ogre but does no damage.
The ogre is heavily wounded.
The ogre hits you with a +0 giant club!
You shoot an arrow. The arrow barely misses the ogre.
The ogre hits you with a +0 giant club!!
Ouch! That really hurt!
You die...

##..#.##.#.#.##.#.....%..
#.......####.#..#.....#..
#....##...##..........#..
... ##......(###...##..
#... #...#.....###.###..
.... ##..##.....#####...
.....##..##......###..>.
..##...[.#....##...##...
#....O@.....##....#...#
.......#.....##........#
.....###...#####.)......
..## ##### #....#... .
..#....### ....#...##
..#......# . ...#.###
....##


You could see an ogre.

Vanquished Creatures
  A vampire bat (D:4)
  An orc priest (D:3)
  Ijyb (D:4)
  An orc wizard (D:4)
  2 adders
  An ufetubus (D:4)
  3 worms
  3 dart slugs
  3 orcs (D:3)
  9 ball pythons
  6 endoplasms
  15 giant cockroaches
  8 goblins
  9 hobgoblins
  5 jackals
  5 quokkas
  17 bats
  3 frilled lizards
  7 kobolds
  3 rats
103 creatures vanquished.

Notes
Turn   | Place    | Note
-------+----------+-------------------------------------------
     0 | D:1      | qw the Deep Elf Hunter began the quest for the Orb.
     0 | D:1      | Reached XP level 1. HP: 12/12 MP: 3/3
     0 | D:1      | 0 ||| qw: Version: 0.3-a-9-g12657ce
     0 | D:1      | 0 ||| qw: Game counter: 4137
     0 | D:1      | 0 ||| qw: Always use a shield: true
     0 | D:1      | 0 ||| qw: God list: Okawaru
     0 | D:1      | 0 ||| qw: Allow faded altars: false
     0 | D:1      | 0 ||| qw: Do Orc after D:15 true
     0 | D:1      | 0 ||| qw: Do second Lair branch before Depths: true
     0 | D:1      | 0 ||| qw: Lair rune preference: random
     0 | D:1      | 0 ||| qw: Plans: Normal
     0 | D:1      | 0 ||| PLANNING D:1-11
    64 | D:1      | Reached skill level 6 in Ranged Weapons
    64 | D:1      | Reached XP level 2. HP: 16/16 MP: 4/4
   627 | D:1      | 627 ||| UPGRADING to +0 ring mail.
   637 | D:1      | 637 ||| DROPPING +0 leather armour.
   638 | D:1      | 638 ||| READING scroll labelled ORUOLABR RIDY.
   639 | D:1      | 639 ||| READING scroll labelled ULIKLAZX AJAENE.
   640 | D:1      | 640 ||| READING 2 scrolls labelled RENWIBR QUESCHE.
   641 | D:1      | 641 ||| DROPPING scroll of butterflies.
   706 | D:2      | Reached XP level 3. HP: 20/20 MP: 5/5
   788 | D:2      | Reached skill level 7 in Ranged Weapons
   928 | D:2      | Reached XP level 4. HP: 25/25 MP: 6/6
  1003 | D:2      | 1003 ||| READING scroll labelled JIBOG QACSATE.
  1172 | D:2      | 1172 ||| READING scroll labelled PIDIMA HORGHITU.
  1173 | D:2      | 1173 ||| DRINKING 2 emerald potions.
  1267 | D:3      | Found a faded altar of an unknown god.
  1728 | D:3      | Reached skill level 8 in Ranged Weapons
  1854 | D:3      | Reached XP level 5. HP: 27/29 MP: 7/7
  2089 | D:3      | HP: 7/29 [worm (9)]
  2275 | D:3      | 2275 ||| UPGRADING to +0 pair of gloves.
  2280 | D:3      | 2280 ||| READING 2 scrolls labelled BETHRE COAB UMY.
  2281 | D:3      | 2281 ||| READING 2 scrolls labelled TAVEAB QUOSU.
  2286 | D:3      | 2286 ||| READING 2 scrolls of identify.
  2286 | D:3      | 2286 ||| IDENTIFYING fuming silvery potion
  2287 | D:3      | 2287 ||| DROPPING scroll of immolation.
  2323 | D:4      | Found a sacrificial altar of Ru.
  2384 | D:4      | Found a runed translucent door.
  2410 | D:4      | Noticed Ijyb
  2411 | D:4      | Paralysed by Ijyb for 2 turns
  2420 | D:4      | Paralysed by Ijyb for 4 turns
  2424 | D:4      | Killed Ijyb
  2425 | D:4      | Reached skill level 9 in Ranged Weapons
  2555 | D:4      | Reached XP level 6. HP: 35/35 MP: 8/8
  2587 | D:4      | Mangled by an ogre

Levels and vault maps discovered:
D:1:      lightli_arrival_lavapool, layout_basic
D:2:      minmay_roachtagon, layout_rooms, minmay_joined_circles
D:3:      layout_loops_ring, serial_forest, infiniplex_forest_lined_1,
          infiniplex_forest_lined_3_way, infiniplex_forest_pool,
          infiniplex_forest_pool, infiniplex_forest_straight_1,
          infiniplex_forest_straight_4, infiniplex_forest_end_3,
          hellmonk_ecumenical_altar_pennies_from_heaven,
          kennysheep_small_spiral, roderic_roman_lattice, minivault_24,
          grunt_ministairs_11, minmay_misc_feat_doors, nicolae_underground_beach
D:4:      layout_cave_pools, nicolae_ru_great_annihilating_truth,
          mainiacjoe_overflow_catwalk_spiral, serial_shops,
          nicolae_shop_back_alley_shop, ebering_ghost_reflecting_pool,
          ebering_dispersal_statue_hall, roderic_batcave,
          minmay_misc_feat_enclosed, uniq_ijyb

Skill      XL: |  1  2  3  4  5 |
---------------+----------------+-----
Ranged Weapons | 6 7 8 9 |  9.2
Fighting       | 2 |  2.2
Dodging        | |  2.4
Stealth        | |  1.2

Action                     |  1- 3 |  4- 6 || total
---------------------------+-------+-------++-------
   Fire: Shortbow          |   136 |   186 ||   322
    Use: Scroll            |     3 |     5 ||     8
         Potion            |       |     1 ||     1
 Armour: Leather armour    |     5 |       ||     5
         Ring mail         |    17 |    30 ||    47
  Dodge: Dodged            |    55 |    44 ||    99

Table legend:
 A = Non-vault XP
 B = Vault XP
 C = Vault XP percentage of total XP
 D = Non-vault monster count
 E = Vault monster count
 F = Vault count percentage of total count
                 A         B        C        D         E       F
            +---------+---------+-------+---------+---------+-------
      Total |     205 |     178 |  46.5 |      68 |      35 |  34.0
            +---------+---------+-------+---------+---------+-------
        D:1 |      37 |       0 |   0.0 |      21 |       0 |   0.0
        D:2 |      51 |      35 |  40.7 |      17 |      19 |  52.8
        D:3 |      86 |       2 |   2.3 |      22 |       2 |   8.3
        D:4 |      31 |     141 |  82.0 |       8 |      14 |  63.6
            +---------+---------+-------+---------+---------+-------
